 Dungeon Crawl Stone Soup version 0.31.0-32-g396128a36d (webtiles) character file.

Game seed: 17001775496902957229

35385 MollyMolluskus the Brawler (level 13, -3/135 (147) HPs)
             Began as an Octopode Fighter on Mar 22, 2024.
             Was a High Priest of Wu Jian.
             Slain by a minotaur
             ... wielding the +6 trident "MollyMolluskus's Death" {drain, Str+4 SInv}
              (20 damage)
             ... in a Gauntlet.
             The game lasted 00:57:32 (16719 turns).

MollyMolluskus the Brawler (Octopode Fighter)      Turns: 16719, Time: 00:57:33

HP:   -3/135 (147)  AC: 26    Str: 25    XL:     13   Next: 83%
MP:   0/22          EV:  2    Int: 11    God:    Wu Jian [*****.]
Gold: 919           SH:  7    Dex: 18    Spells: 12/12 levels left

rFire   . .          .
                       - Unarmed
rCold   . . .        a - +2 buckler
rNeg    + + .        j - melded +2 hat
rPois   +            F - amulet of guardian spirit
rElec   .            p - ring of positive energy
rCorr   .            w - ring of willpower
SInv    .            z - +6 ring of dexterity
Will    +....        A - ring of positive energy
Stlth   +++          g - +5 ring of evasion
HPRegen 0.42/turn    v - +6 ring of strength
MPRegen 0.18/turn    b - ring of magical power
                     (no ring)

%: no teleportation, guardian spirit
@: tree-form, studying Throwing, drained, serpent's lash
A: stationary, stasis, torment immunity, boosted hp, almost no armour,
(amphibious), 8 rings, (camouflage 1), (gelatinous body 1), (nimble swimmer 1),
(tentacles)
a: Renounce Religion, Wall Jump, Serpent's Lash, Heavenly Storm


You were in a Gauntlet.
You worshipped Wu Jian.
Wu Jian was extremely pleased with you.
You were a tree.
You visited 3 branches of the dungeon, and saw 16 of its levels.
You also visited: Gauntlet.

You collected 1028 gold pieces.
You spent 109 gold pieces at shops.

Inventory:

Missiles
 e - 5 curare-tipped darts (quivered)
 f - 5 javelins
 o - 61 poisoned darts
 x - 3 throwing nets
 D - a boomerang
Armour
 a - a +2 buckler (worn)
 j - a +2 hat (melded)
Jewellery
 b - a ring of magical power (on tentacle)
 g - a +5 ring of evasion (on tentacle)
 l - a ring of ice
 p - a ring of positive energy (left branch)
 t - an amulet of reflection
 v - a +6 ring of strength (on tentacle)
 w - a ring of willpower (right branch)
 z - a +6 ring of dexterity (on tentacle)
 A - a ring of positive energy (on tentacle)
 F - an amulet of guardian spirit (around neck)
 G - a ring of fire
 J - the amulet of Cuyz {Reflect rN+ SH+5}
   (You found it in a Gauntlet)

   [amulet of reflection]

   Reflect:   It reflects blocked missile attacks.
   rN+:       It protects you from negative energy.
   SH+5:      It affects your SH (+5).
Talismans
 d - a serpent talisman
Wands
 u - a wand of charming (20)
 y - a wand of mindburst (13)
 C - a wand of flame (21)
 E - a wand of light (7)
 N - a wand of polymorph (6)
Scrolls
 i - 5 scrolls of revelation
 n - 2 scrolls of fear
 q - 3 scrolls of blinking
 r - 3 scrolls of identify
 H - a scroll of immolation
 O - a scroll of enchant weapon
Potions
 c - a potion of enlightenment
 h - 2 potions of resistance
 m - 2 potions of cancellation
 s - 3 potions of curing
 B - 3 potions of attraction
 I - 2 potions of might
 K - 2 potions of mutation
 L - a potion of heal wounds
 M - a potion of haste


   Skills:
 + Level 12.9 Fighting
 - Level 4.0 Throwing
 - Level 8.0 Dodging
 - Level 4.0 Stealth
 - Level 4.0 Shields
 + Level 15.5 Unarmed Combat
 - Level 4.0 Evocations
 + Level 7.3 Shapeshifting


You had 12 spell levels left.
You didn't know any spells.
Your spell library contained the following spells:

 Spells                   Type           Power      Damage    Failure   Level
 Foxfire                  Conj/Fire      0%         2x1d4     38%         1
 Magic Dart               Conj           0%         1d3       38%         1
 Shock                    Conj/Air       0%         1d3       38%         1
 Scorch                   Fire           0%         2d5       54%         2
 Searing Ray              Conj           0%         2d4       54%         2
 Gell's Gravitas          Tloc           0%         N/A       77%         3
 Inner Flame              Hex/Fire       0%         N/A       77%         3
 Swiftness                Air            0%         N/A       77%         3
 Teleport Other           Tloc           0%         N/A       77%         3
 Airstrike                Air            0%         2d(0-16)  99%         4
 Flame Wave               Conj/Fire      0%         2d4       99%         4
 Fulminant Prism          Conj/Alch      0%         3d5       99%         4
 Irradiate                Conj/Alch      0%         3d11      100%        5
 Dispersal                Tloc           0%         N/A       100%        6
 Plasma Beam              Fire/Air       0%         2x1d10    100%        6
 Starburst                Conj/Fire      0%         6d3       100%        6
 Summon Cactus Giant      Summ           0%         N/A       100%        6
 Ignition                 Fire           0%         3d3       100%        8


Dungeon Overview and Level Annotations

Branches:
Dungeon (12/15)            Temple (1/1) D:6            Lair (3/5) D:10
 Shoals (0/4) Lair:2       Spider (0/4) Lair:3          Orc (0/2) D:9
Gauntlet (1/1)

Altars:
Ashenzari
Cheibriados
Dithmenos
Elyvilon
Fedhas
Gozag
Hepliaklqana
Kikubaaqudgha
Makhleb
Nemelex Xobeh
Okawaru
Qazlal
Ru
Sif Muna
Trog
Uskayaw
Vehumet
Wu Jian
Xom
Yredelemnul
Zin
The Shining One

Shops:
D:12 *

Annotations:
Gauntlet 21 runed translucent doors, 3 transporters


Innate Abilities, Weirdness & Mutations

You are a tree.
Your roots penetrate the ground, keeping you stationary.
You cannot be teleported.
You are immune to unholy pain and torment.
Your maximum health is greatly increased.
You cannot wear most types of armour.
((You are amphibious.))
You can wear up to eight rings at the same time.
((Your skin changes colour to match your surroundings (Stealth+).))
((Your rubbery body absorbs attacks. (AC +1, EV +1)))
((You are camouflaged when in or above water. (Stealth+)))
((You have tentacles for arms and can constrict up to eight enemies at once.))


Message History

You tentacle-slap the minotaur!
You squeeze the minotaur, but do no damage.
The minotaur is heavily wounded.
You constrict the minotaur, but do no damage.
The minotaur hits you with the +6 trident "MollyMolluskus's Death" {drain, Str+4 SInv}!
You partially resist.
You feel drained. The minotaur gores you.
The minotaur hits you with the +6 trident "MollyMolluskus's Death" {drain, Str+4 SInv}!!!
* * * LOW HITPOINT WARNING * * *
You partially resist.
You feel drained.
* * * LOW HITPOINT WARNING * * *
The minotaur gores you!
* * * LOW HITPOINT WARNING * * *
Unknown command.
Unknown command.
Your muscles tense, ready for explosive movement...
You release your grip on the minotaur.
You spin and attack the minotaur, with incredible momentum.
You tentacle-slap the minotaur but do no damage.
You grab the minotaur.
You squeeze the minotaur, but do no damage.
The minotaur is heavily wounded.
Unknown command.
Unknown command.
You turn into a tree.
Your +2 hat melds into your body.
Your roots penetrate the ground.
You lose your grip on the minotaur.
The minotaur hits you with the +6 trident "MollyMolluskus's Death" {drain, Str+4 SInv}!
* * * LOW HITPOINT WARNING * * *
You partially resist.
You feel drained. You block the minotaur's attack.
Unknown command.
You feel much better.
The minotaur hits you with the +6 trident "MollyMolluskus's Death" {drain, Str+4 SInv}.
* * * LOW HITPOINT WARNING * * *
You partially resist.
You feel drained. The minotaur gores you!
* * * LOW HITPOINT WARNING * * *
You closely miss the minotaur.
The minotaur furiously retaliates!
The minotaur headbutts you.
* * * LOW HITPOINT WARNING * * *
The minotaur is heavily wounded.
The minotaur hits you with the +6 trident "MollyMolluskus's Death" {drain, Str+4 SInv}!!
You die...

^≈?#.. #..##.#.# ≈.Y#..
#.....#.#
.≈≈#..###..##.#.# .
..Y#..#....##...# +#
#######..#©...##.#.##.⌠
.........#.......#.'.
.......∩.#....##.#.#
#######..#©...##♣..#
##....#..#....##H#.#
.##..##..###.....#.#
..#.###..≈##..##.#.#
##.##©#..###..##...#
#.#..)#..≈##..######
..##..#..######
..©##.#..≈# #######..##


You could see a minotaur.

Vanquished Creatures
  A quicksilver ooze (Gauntlet)
  A hydra (D:12)
  Erolcha (D:9)
  3 boulder beetles
  Erica (D:8)
  A centaur warrior (D:10)
  3 two-headed ogres
  3 skeletal warriors (D:11)
  Pikel (D:5)
  A deep elf pyromancer (D:12)
  The ghost of Liamsmithers the Poker, a novice DsGl of Dithmenos (D:5)
  A shining eye (Gauntlet)
  An ugly thing (D:11)
  A cyclops (D:12)
  4 manticores
  A black mamba (Lair:2)
  A meliai (Lair:3)
  A torpor snail (Gauntlet)
  3 cane toads (Lair:2)
  Maggie (D:7)
  3 rime drakes
  3 komodo dragons
  3 kobold demonologists
  6 trolls
  2 polar bears (Lair:2)
  A glass eye (Gauntlet)
  9 blink frogs
  Sigmund (D:5)
  A shadow (D:12)
  A wyvern (D:9)
  24 yaks
  3 wraiths
  A warg (D:9)
  3 basilisks
  A golden eye (Gauntlet)
  4 vampire mosquitoes (D:10)
  2 steam dragons
  2 acid dragons
  8 water moccasins
  2 ice beasts (D:6)
  3 black bears
  A hornet zombie (D:3)
  9 orc warriors
  4 boggarts (Lair:2)
  20 wolves
  3 ogres
  3 centaurs
  A lemure (D:5)
  A phantom (D:6)
  6 kobold brigands
  A gnoll sergeant (D:7)
  A scorpion (D:4)
  8 bullfrogs
  13 wights
  5 killer bees
  10 howler monkeys (D:7)
  7 hounds
  2 jellies
  2 bombardier beetles (D:4)
  2 bullfrog skeletons (D:3)
  4 gnoll boudas
  14 orc priests
  7 iguanas
  3 sleepcaps
  16 orc wizards
  The ghost of Charlie33ad the Shield-Bearer, a weakling MiFi (D:3)
  5 adders
  22 gnolls
  A white imp (D:8)
  2 ufetubi (D:6)
  2 dart slugs (D:2)
  2 ribbon worms
  45 orcs
  A bat zombie (D:3)
  8 endoplasms
  3 giant cockroaches
  19 goblins
  5 hobgoblins
  11 kobolds
  2 quokkas
  11 ball pythons
  5 bats
  5 frilled lizards
  2 frilled lizard zombies (D:3)
  4 rats
413 creatures vanquished.

Vanquished Creatures (collateral kills)
  A gnoll sergeant (D:5)
  A gnoll bouda (D:5)
  2 gnolls (D:5)
  An orc (D:9)
5 creatures vanquished.

Vanquished Creatures (others)
  An ogre (D:9)
  A kobold brigand (D:7)
  2 gnoll sergeants (D:5)
  A killer bee (D:9)
  A howler monkey (D:7)
  An orc wizard (D:7)
  A gnoll (D:5)
8 creatures vanquished.

Grand Total: 426 creatures vanquished

Notes
Turn   | Place    | Note
-------+----------+-------------------------------------------
     0 | D:1      | MollyMolluskus the Octopode Fighter began the quest for the
                  | Orb.
     0 | D:1      | Reached XP level 1. HP: 16/16 MP: 1/1
   397 | D:1      | Reached XP level 2. HP: 13/21 MP: 2/2
   494 | D:1      | Found a faded altar of an unknown god.
   633 | D:1      | Reached skill level 1 in Stealth
  1181 | D:2      | Reached XP level 3. HP: 26/26 MP: 3/3
  1799 | D:2      | Reached XP level 4. HP: 31/31 MP: 4/4
  1842 | D:2      | Found an iron altar of Okawaru.
  1996 | D:3      | Reached skill level 3 in Unarmed Combat
  2011 | D:3      | Found an ancient bone altar of Kikubaaqudgha.
  2419 | D:3      | Reached XP level 5. HP: 36/36 MP: 5/5
  2523 | D:3      | Found a transporter.
  2523 | D:3      | Noticed Charlie33ad's ghost (weakling MiFi)
  2689 | D:3      | Found a transporter.
  3058 | D:4      | Reached skill level 4 in Unarmed Combat
  3058 | D:4      | Reached XP level 6. HP: 32/43 MP: 6/6
  3790 | D:5      | Entered Level 5 of the Dungeon
  3802 | D:5      | Noticed Pikel
  3822 | D:5      | Killed Pikel
  3823 | D:5      | Reached skill level 5 in Unarmed Combat
  3823 | D:5      | Reached XP level 7. HP: 14/49 MP: 7/7
  3957 | D:5      | Found a basalt altar of Yredelemnul.
  3973 | D:5      | Reached XP level 8. HP: 51/54 MP: 8/8
  4051 | D:5      | Found a shimmering altar of Xom.
  4082 | D:5      | Reached skill level 5 in Fighting
  4082 | D:5      | Reached skill level 5 in Dodging
  4082 | D:5      | Reached skill level 6 in Unarmed Combat
  4231 | D:5      | Noticed Sigmund
  4240 | D:5      | Killed Sigmund
  4458 | D:5      | Found a bloodstained altar of Trog.
  4788 | D:5      | Found a transporter.
  4793 | D:5      | Found a transporter.
  4836 | D:5      | Noticed Liamsmithers's ghost (novice DsGl)
  4868 | D:5      | Identified the +5 trident of Valuable Assets {chaos, Int+5}
  4868 | D:5      | Identified the +2 kite shield "Diegg" {rF++}
  5152 | D:5      | Reached skill level 7 in Unarmed Combat
  5454 | D:6      | Found a staircase to the Ecumenical Temple.
  5490 | Temple   | Entered the Ecumenical Temple
  5740 | D:6      | Reached XP level 9. HP: 54/62 MP: 9/9
  5881 | D:6      | Reached skill level 8 in Unarmed Combat
  6262 | D:6      | Found a snail-covered altar of Cheibriados.
  6423 | D:7      | Noticed a boulder beetle
  6446 | D:7      | Killed a boulder beetle
  6447 | D:7      | Reached skill level 9 in Unarmed Combat
  6630 | D:7      | Noticed Maggie
  6640 | D:7      | Killed Maggie
  6641 | D:7      | Reached XP level 10. HP: 56/71 MP: 10/10
  6688 | D:7      | Found an ornate altar of the Wu Jian Council.
  6696 | D:7      | Became a worshipper of the Wu Jian Council
  7044 | D:7      | Reached * piety under Wu Jian
  7045 | D:7      | Reached skill level 10 in Unarmed Combat
  7285 | D:7      | Noticed a kobold demonologist
  7297 | D:7      | Killed a kobold demonologist
  7658 | D:7      | Reached ** piety under Wu Jian
  8031 | D:3      | Killed Charlie33ad's ghost
  8296 | D:5      | Killed Liamsmithers's ghost
  8297 | D:5      | Reached skill level 11 in Unarmed Combat
  8588 | D:8      | Reached XP level 11. HP: 42/78 MP: 11/11
  8708 | D:8      | Found a blossoming altar of Fedhas.
  8760 | D:8      | Noticed Erica
  8768 | D:8      | Killed Erica
  9601 | D:8      | Found a white marble altar of Elyvilon.
  9601 | D:8      | Found a glowing silver altar of Zin.
  9602 | D:8      | Found a stormy altar of Qazlal.
  9608 | D:8      | Reached *** piety under Wu Jian
  9694 | D:9      | Found a burning altar of Makhleb.
  9712 | D:9      | Noticed a two-headed ogre
  9725 | D:9      | Killed a two-headed ogre
  9726 | D:9      | Reached skill level 12 in Unarmed Combat
  9870 | D:9      | Found a staircase to the Orcish Mines.
  9873 | D:9      | Noticed Erolcha
  9998 | D:9      | Killed Erolcha
 10972 | D:10     | Entered Level 10 of the Dungeon
 10972 | D:10     | Noticed a centaur warrior
 10979 | D:10     | Killed a centaur warrior
 10980 | D:10     | Reached skill level 13 in Unarmed Combat
 11224 | D:10     | Reached skill level 10 in Fighting
 11417 | D:10     | Found a staircase to the Lair.
 11531 | D:10     | Found a shimmering blue altar of Sif Muna.
 11833 | D:11     | Noticed a skeletal warrior
 11833 | D:11     | Noticed a skeletal warrior
 11835 | D:11     | Noticed a skeletal warrior
 11860 | D:11     | Killed a skeletal warrior
 11861 | D:11     | Reached skill level 1 in Shapeshifting
 11861 | D:11     | Reached XP level 12. HP: 27/87 MP: 3/12
 12140 | D:11     | Noticed a two-headed ogre
 12175 | D:11     | Killed a two-headed ogre
 12292 | D:11     | Reached **** piety under Wu Jian
 12437 | D:11     | Reached skill level 1 in Throwing
 12494 | D:11     | Reached skill level 14 in Unarmed Combat
 13296 | D:12     | Noticed a two-headed ogre
 13302 | D:12     | Killed a two-headed ogre
 13367 | D:12     | Noticed a six-headed hydra
 13375 | D:12     | Killed a six-headed hydra
 13531 | D:12     | Found Peamos's Assorted Antiques.
 13546 | D:12     | Bought a glowing inky potion for 25 gold pieces
 13546 | D:12     | Bought a potion of curing for 84 gold pieces
 14180 | Lair:1   | Entered Level 1 of the Lair of Beasts
 14192 | Lair:1   | Reached skill level 5 in Shapeshifting
 14204 | Lair:1   | Noticed a boulder beetle
 14215 | Lair:1   | Killed a boulder beetle
 14216 | Lair:1   | Reached XP level 13. HP: 76/96 MP: 13/13
 14526 | Lair:1   | Reached ***** piety under Wu Jian
 15368 | Lair:2   | Found a staircase to the Shoals.
 15443 | Lair:2   | Reached skill level 15 in Unarmed Combat
 15590 | Lair:2   | Identified the +3 scimitar of Dikuafal {elec, ^Contam rPois
                  | rC++ Int-3}
 16268 | Lair:3   | Found a hole to the Spider Nest.
 16387 | Lair:3   | Found a gate leading to a gauntlet.
 16401 | Gauntlet | Entered a Gauntlet
 16401 | Gauntlet | Found a large runed translucent door.
 16401 | Gauntlet | Found a large runed translucent door.
 16401 | Gauntlet | Found a large runed translucent door.
 16401 | Gauntlet | Found a large runed translucent door.
 16401 | Gauntlet | Found a runed translucent gate.
 16401 | Gauntlet | Found a large runed translucent door.
 16401 | Gauntlet | Found a transporter.
 16401 | Gauntlet | Found a large runed translucent door.
 16401 | Gauntlet | Found a large runed translucent door.
 16401 | Gauntlet | Found a large runed translucent door.
 16401 | Gauntlet | Found a runed translucent door.
 16401 | Gauntlet | Found a runed translucent gate.
 16401 | Gauntlet | Found a runed translucent gate.
 16401 | Gauntlet | Found a transporter.
 16401 | Gauntlet | Found a transporter.
 16402 | Gauntlet | Found a transporter.
 16403 | Gauntlet | Found a transporter.
 16404 | Gauntlet | Found a runed translucent gate.
 16409 | Gauntlet | Found a runed translucent gate.
 16417 | Gauntlet | Found a runed translucent door.
 16417 | Gauntlet | Found a runed translucent gate.
 16422 | Gauntlet | Found a transporter.
 16425 | Gauntlet | Found a large runed translucent door.
 16425 | Gauntlet | Found a large runed translucent door.
 16426 | Gauntlet | Found a large runed translucent door.
 16427 | Gauntlet | Found a large runed translucent door.
 16444 | Gauntlet | Found a large runed translucent door.
 16444 | Gauntlet | Found a large runed translucent door.
 16445 | Gauntlet | Found a large runed translucent door.
 16446 | Gauntlet | Found a large runed translucent door.
 16574 | Gauntlet | Found a transporter.
 16574 | Gauntlet | Noticed a quicksilver ooze
 16580 | Gauntlet | Found a transporter.
 16588 | Gauntlet | Found a transporter.
 16596 | Gauntlet | Identified the amulet of Cuyz {Reflect rN+ SH+5}
 16596 | Gauntlet | Killed a quicksilver ooze
 16712 | Gauntlet | Identified the +6 trident "MollyMolluskus's Death" {drain,
                  | Str+4 SInv}
 16712 | Gauntlet | Noticed a minotaur
 16717 | Gauntlet | HP: 2/138 [minotaur/the +6 trident "MollyMolluskus's Death"
                  | {drain, Str+4 SInv} (9)]
 16719 | Gauntlet | Slain by a minotaur

Illustrated notes

Levels and vault maps discovered:
D:1:      evilmike_arrival_hilbert_curve, layout_loops_corners,
          hellmonk_ecumenical_altar_zigzags
D:2:      minmay_chambers_of_ones, layout_basic, basic_altar
D:3:      layout_loops_ring, lemuel_zombie_altar_kikubaaqudgha,
          gammafunk_ghost_mausoleum
D:4:      layout_basic, serial_aquarium, aquarium_bridge_square
          [aquarium_subvault_bridge, aquarium_subvault_window,
          aquarium_subvault_balcony, aquarium_subvault_bridge],
          aquarium_bridge_square [aquarium_subvault_bridge,
          aquarium_subvault_bridge, aquarium_subvault_wall,
          aquarium_subvault_wall], aquarium_window_corner, aquarium_window_1,
          aquarium_window_2, aquarium_view_2c, aquarium_pool_2
D:5:      black_bear_nest_2, layout_basic, trog_butcher_becter,
          mainiacjoe_overflow_six_doors_small, mainiacjoe_overflow_paths,
          gammafunk_ghost_gnarly_gnolls, minmay_ogre_servants, uniq_pikel,
          uniq_sigmund
D:6:      layout_basic, lemuel_round_altar, minmay_temple_entry_overgrown
D:7:      lemuel_castle_with_subvaults [lemuel_castle_interior_carwin_1],
          layout_cave_pools, nicolae_wu_jian_wuxing_cycle, uniq_maggie
D:8:      layout_basic, mainiacjoe_overflow_small_starburst,
          gammafunk_temple_overflow_forgotten, uniq_erica
D:9:      layout_loops_ring, mainiacjoe_overflow_tiny_flanked, erik_orc_3,
          minmay_misc_feat_cross, uniq_erolcha
D:10:     layout_long_grid, mainiacjoe_overflow_brackets, lair_entry_dummy
D:11:     layout_basic
D:12:     layout_gridville, serial_shops, nicolae_shop_crystal
Temple:   hellmonk_temple_rainy
Lair:1:   layout_cave_pods, grunt_megastairs_3
Lair:2:   layout_gridlike, shoals_dummy_entry, kilobyte_rumbling_trees
Lair:3:   layout_misc_corridors, hellmonk_spider_entry_not_the_bees,
          gauntlet_entry_generic
Gauntlet: minmay_gauntlet_mixed_big_or_small
          [minmay_gauntlet_arena_make_your_own_arena,
          minmay_gauntlet_arena_77_run_for_it,
          gammafunk_gauntlet_arena_chambers, minmay_gauntlet_arena_77_two_lines,
          nicolae_gauntlet_arena_flowing_pool, minmay_gauntlet_arena_77_fan,
          gauntlet_exit_hidden_loot]

Skill      XL: |  1  2  3  4  5  6  7  8  9 10 11 12 13 |
---------------+----------------------------------------+-----
Stealth        | 1 2 3 4 |  4.0
Unarmed Combat | 3 4 5 7 9 11 13 14 15 | 15.5
Dodging        | 4 6 7 8 |  8.0
Fighting       | 4 6 7 8 10 11 12 | 12.9
Shields        | 4 |  4.0
Evocations     | 2 4 |  4.0
Shapeshifting  | 1 5 7 |  7.3
Throwing       | 4 |  4.0

Action                     |  1- 3 |  4- 6 |  7- 9 | 10-12 | 13-15 || total
---------------------------+-------+-------+-------+-------+-------++-------
  Melee: Unarmed           |    78 |   115 |   189 |   555 |   243 ||  1180
         Tentacles         |    12 |    27 |    47 |   144 |    60 ||   290
         Constrict         |    19 |    24 |    36 |   103 |    38 ||   220
         Punch             |     3 |     2 |    17 |    38 |    23 ||    83
  Throw: Stone             |       |     3 |       |       |       ||     3
         Javelin           |       |       |     9 |     8 |       ||    17
         Dart              |       |       |       |    12 |     2 ||    14
         Boomerang         |       |       |       |     1 |       ||     1
 Invoke: Serpent's Lash    |       |       |       |       |     1 ||     1
Ability: Lunge             |       |       |       |    81 |    26 ||   107
         Whirlwind         |       |       |       |    33 |    32 ||    65
         Wall Jump         |       |       |       |     9 |    10 ||    19
  Evoke: Wand              |       |       |     1 |    23 |       ||    24
    Use: Scroll            |     6 |     7 |     3 |     9 |     4 ||    29
         Potion            |       |     1 |     2 |     4 |     4 ||    11
   Stab: Sleeping          |     8 |    13 |     9 |    16 |     2 ||    48
         Distracted        |       |       |       |     3 |     2 ||     5
 Armour: Skin              |    25 |    38 |    65 |   181 |    47 ||   356
  Dodge: Dodged            |    42 |    55 |    35 |   187 |   100 ||   419
  Block: Buckler           |    17 |    15 |    52 |   209 |    43 ||   336
         Reflection        |       |       |       |    11 |       ||    11
